 Dungeon Crawl Stone Soup version 0.19-a0-718-gdd04e31 (webtiles) character file.

115 Magifyre the Conjurer (level 4, -5/24 HPs)
             Began as a Deep Elf Fire Elementalist on June 20, 2016.
             Slain by Terence
             ... wielding a +4 flail of protection
              (6 damage)
             ... on level 3 of the Dungeon.
             The game lasted 00:11:38 (2415 turns).

Magifyre the Conjurer (Deep Elf Fire Elementalist)  Turns: 2415, Time: 00:11:38

Health: -5/24      AC:  2    Str:  5    XL:     4   Next: 68%
Magic:  0/11       EV: 13    Int: 21    God:
Gold:   138        SH:  0    Dex: 15    Spells: 3 memorised, 4 levels left

rFire  . . .     SeeInvis .     j - -3 short sword (curse)
rCold  . . .     Gourm    .     a - +0 robe
rNeg   + . .     Faith    .     (no shield)
rPois  .         Spirit   .     (no helmet)
rElec  .         Dismiss  .     (no cloak)
rCorr  .         Reflect  .     (no gloves)
SustAt .         Harm     .     (no boots)
MR     .....                    (no amulet)
Stlth  ++........               (no ring)
                                e - ring of positive energy

@: not resistant to hostile enchantments, unstealthy
A: no striking features
a: no special abilities


You were on level 3 of the Dungeon.
You were not hungry.

You visited 1 branch of the dungeon, and saw 3 of its levels.

You collected 138 gold pieces.

Inventory:

Hand Weapons
 j - a cursed -3 short sword (weapon)
Missiles
 r - 7 needles of sleeping
Armour
 a - a +0 robe (worn)
Jewellery
 e - a ring of positive energy (left hand)
Scrolls
 d - 3 scrolls of identify
 h - a scroll of recharging
 l - a scroll of fear {unknown}
 o - a scroll of enchant weapon {unknown}
 p - a scroll of noise {unknown}
 q - 2 scrolls of immolation {unknown}
Potions
 g - 2 potions of curing
 i - a potion of might
 n - a potion of invisibility {unknown}
Books
 b - a book of Flames

   Spells                             Type                      Level
   a - Flame Tongue                   Conjuration/Fire             1
   b - Throw Flame                    Conjuration/Fire             2
   c - Conjure Flame                  Conjuration/Fire             3
   d - Inner Flame                    Hexes/Fire                   3
   e - Sticky Flame                   Conjuration/Fire             4
   f - Fireball                       Conjuration/Fire             5
Comestibles
 c - 3 bread rations
 f - 2 meat rations
 k - a beef jerky
 m - a chunk of flesh


   Skills:
 - Level 2.4 Dodging
 - Level 2.4 Stealth
 + Level 3.5 Spellcasting
 + Level 4.5 Conjurations
 * Level 3.6 Fire Magic


You had 4 spell levels left.
You knew the following spells:

 Your Spells              Type           Power        Failure   Level  Hunger
a - Flame Tongue          Conj/Fire      ###..        2%          1    None
b - Throw Flame           Conj/Fire      ###...       4%          2    ##.....
c - Conjure Flame         Conj/Fire      ###.....     10%         3    ###....


Dungeon Overview and Level Annotations

Branches:
Dungeon (3/15)

Altars:
Okawaru
Yredelemnul

Annotations:
D:3 Terence


Message History

You hit Terence but do no damage.
Terence is severely wounded.
You hit Terence.
Terence is severely wounded.
Terence asks, "Do you want it fast or slow?"
Terence barely misses you.
You closely miss Terence.
Terence is severely wounded.
Terence misses you.
You hit Terence but do no damage.
Terence is severely wounded.
Terence barely misses you.
You hit Terence but do no damage.
Terence is severely wounded.
Terence hits you with a flail of protection!
* * * LOW HITPOINT WARNING * * *
You hit Terence but do no damage.
Terence is severely wounded.
Terence hits you with a flail of protection.
You die...

#....########.######
.....# ######.#....#
..#####............#
.? #######.#..#.# ..
#.#..#.# .# #.#..#.#
#.#..#.# ####...@#.#
.......@#.#
######.##.# #.##.#
#. #.# .. #.# ## #<#
###


You could see Terence.

Vanquished Creatures
  3 adders
  A gnoll (D:2)
  2 worms
  2 dart slugs (D:2)
  A giant gecko (D:2)
  6 bats
  4 giant cockroaches
  4 goblins
  10 hobgoblins
  7 jackals
  9 kobolds
  2 quokkas
  4 giant newts
  7 rats
62 creatures vanquished.

Notes
Turn   | Place    | Note
--------------------------------------------------------------
     0 | D:1      | Magifyre the Deep Elf Fire Elementalist began the quest for the Orb.
     0 | D:1      | Reached XP level 1. HP: 10/10 MP: 6/6
   203 | D:1      | Reached skill level 2 in Conjurations
   254 | D:1      | Reached XP level 2. HP: 15/15 MP: 6/8
   612 | D:1      | Reached skill level 3 in Conjurations
   754 | D:1      | Reached XP level 3. HP: 19/19 MP: 7/9
  1022 | D:2      | Learned a level 2 spell: Throw Flame
  1026 | D:2      | Learned a level 3 spell: Conjure Flame
  1330 | D:2      | Reached skill level 4 in Conjurations
  1458 | D:2      | Reached XP level 4. HP: 24/24 MP: 4/10
  2083 | D:2      | Found an iron altar of Okawaru.
  2372 | D:3      | Found a basalt altar of Yredelemnul.
  2376 | D:3      | Noticed Terence
  2414 | D:3      | HP: 1/24 [Terence/flail of protection (8)]
  2415 | D:3      | Slain by Terence

Vault maps used:
D:1:      elethiomel_arrival_quiet, minmay_crystal_water, nrook_loot_triangle
D:2:      okawaru_altar_gauntlet_db, minivault_11, minmay_close_crescents
D:3:      nicolae_overflow_crystal_walls, wad_floor_pattern_1,
          minmay_statues_item, uniq_iyjb, uniq_terence

Skill      XL: |  1  2  3 |
---------------+----------+-----
Conjurations   | 2 3 4 |  4.5
Dodging        | |  2.4
Stealth        | |  2.4
Spellcasting   | |  3.5
Fire Magic     | |  3.6

Action                   |  1- 3 |  4- 6 || total
-------------------------+-------+-------++-------
Melee: Short sword       |     6 |     9 ||    15
 Cast: Flame Tongue      |    74 |    37 ||   111
       Throw Flame       |     5 |     9 ||    14
       Conjure Flame     |     1 |     1 ||     2
  Use: Scroll            |     4 |       ||     4
  Eat: Chunk             |     2 |     3 ||     5
Armor: Robe              |     8 |     2 ||    10
Dodge: Dodged            |    28 |    26 ||    54
